AoeStats
← AVUKADO10

Arabia

505668274Analyzed
1v1 RM · 22d ago on Sep 10, 2026· 28m 16s· 2 players
Game mode
Random Map
Map size
Tiny (2 player)
Population
200
Speed
Normal
Resources
Standard
Victory
Conquest
Starting age
Dark Age
Ending age
Imperial Age
RankedLock teamsTeams togetherTeam positionsShared explorationLock speedFull tech treeHidden civsTurbo modeCheats
Victory
Defeat
🇹🇷 Khmer · Türkiye
960
+15
🇦🇹 Goths · Austria
939
-15
taskacc1
10:22 Feudal Age
10:57 Man-at-Arms
15:48 Scale Mail Armor
15:59 Forging
27:05 Horse Collar
AVUKADO10
10:49 Feudal Age
10:51 Man-at-Arms
27:03 Castle Age
Connection lost

Rejoining the realm…

Still unreachable

The connection could not be restored.

Session expired

The server has moved on; the page needs a fresh start.